 Dungeon Crawl Stone Soup version 0.18.1-6-gd335043 (webtiles) character file.

94623 jacquesderrida the Spear-Bearer (level 15, -8/128 HPs)
             Began as a Demonspawn Skald on May 15, 2016.
             Was an Elder of Ashenzari.
             Shot with a stone by a faun (15 damage)
             ... on level 1 of the Shoals.
             The game lasted 01:55:31 (16175 turns).

jacquesderrida the Spear-Bearer (Demonspawn Skald) Turns: 16175, Time: 01:55:32

Health: -8/128     AC: 15    Str: 13    XL:     15   Next: 64%
Magic:  32/33      EV: 19    Int: 14    God:    Ashenzari [****..]
Gold:   2068       SH:  0    Dex: 18    Spells: 5 memorised, 15 levels left

rFire  . . .     SeeInvis +     G - +1 lajatang (vamp) (curse)
rCold  + . .     Gourm    +     Q - +0 ring mail {rC+} (curse)
rNeg   . . .     Faith    .     (shield currently unavailable)
rPois  +         Spirit   .     o - +1 hat of the Sun {rPois} (curse)
rElec  .         Dismiss  .     F - +1 cloak (curse)
rCorr  .         Reflect  .     x - +0 pair of gloves
SustAt .         Harm     .     (boots unavailable)
MR     +....     Clarity  +     s - amulet of the gourmand
Stlth  +.........               Y - ring of wizardry
                                h - ring of magical power

@: repel missiles, somewhat resistant to hostile enchantments, very unstealthy
A: talons 3, molten scales 2, demonic guardian 1, powered by death 3, robust 1
a: Curse Item, Scrying, Renounce Religion


You were on level 1 of the Shoals.
You worshipped Ashenzari.
Ashenzari was greatly pleased with you.
You were not hungry.

You visited 5 branches of the dungeon, and saw 29 of its levels.
You also visited: Ice Cave.

You collected 2346 gold pieces.
You spent 278 gold pieces at shops.

Inventory:

Hand Weapons
 a - a +0 blowgun
 j - a +2 trident of freezing
 G - a cursed +1 vampiric lajatang (weapon)
 W - a +0 bardiche
Missiles
 E - 9 curare-tipped needles
 K - 13 poisoned javelins (quivered)
Armour
 o - the cursed +1 hat of the Sun (worn) {rPois}
   (You found it in an ice cave)

   It protects you from poison.
   It has a curse placed upon it.
 r - the cursed +3 buckler "Oreobac" {MR+ Regen+ Int+3 Dex-3}
   (You found it on level 8 of the Lair of Beasts)

   It affects your intelligence (+3).
   It affects your dexterity (-3).
   It affects your resistance to hostile enchantments.
   It increases your rate of regeneration.
   It has a curse placed upon it.
 x - a +0 pair of gloves (worn)
 F - a cursed +1 cloak (worn)
 Q - a cursed +0 ring mail of cold resistance (worn)
Jewellery
 h - a ring of magical power (left hand)
 l - the cursed ring "Hiappiac" {rF+ MP+9 EV-3 Int+4}
   (You found it on level 11 of the Dungeon)

   [ring of evasion]

   It affects your evasion (-3).
   It affects your intelligence (+4).
   It protects you from fire.
   It affects your magic capacity (+9).
   It has a curse placed upon it.
 s - an amulet of the gourmand (around neck)
 I - a +4 ring of strength
 M - an uncursed ring of protection from fire
 N - an uncursed ring of ice
 S - an uncursed amulet of rage
 Y - a ring of wizardry (right hand)
Wands
 f - a wand of acid (10/15)
 u - a wand of lightning (3/15)
 w - a wand of iceblast (2/15)
 L - a wand of paralysis (9/24)
 O - a wand of hasting (2/9)
 T - a wand of digging (5/24)
 Z - a wand of digging (19/24)
Scrolls
 c - 3 scrolls of amnesia
 g - 2 scrolls of enchant armour
 k - 4 scrolls of magic mapping
 n - 4 scrolls of remove curse
 v - a scroll of immolation
 y - 6 scrolls of enchant weapon
 D - 2 scrolls of fog
 P - 3 scrolls of identify
 R - a scroll of fear
Potions
 b - 2 potions of agility
 e - a potion of cure mutation
 p - a potion of might
 t - 4 potions of brilliance
 z - a potion of invisibility
 B - 5 potions of haste
 C - 8 potions of curing
 H - 2 potions of ambrosia
 U - a potion of berserk rage
 V - 2 potions of magic
Books
 m - a book of Ice

   Spells                             Type                      Level
   a - Ice Form                       Ice/Transmutation            4
   b - Metabolic Englaciation         Hexes/Ice                    5
   c - Ozocubu's Refrigeration        Ice                          6
   d - Bolt of Cold                   Conjuration/Ice              6
   e - Freezing Cloud                 Conjuration/Ice/Air          6
   f - Simulacrum                     Ice/Necromancy               6
 A - a Necronomicon

   Spells                             Type                      Level
   a - Haunt                          Necromancy/Summoning         7
   b - Borgnjor's Revivification      Necromancy                   8
   c - Death's Door                   Charms/Necromancy            8
   d - Necromutation                  Transmutation/Necromancy     8
Miscellaneous
 q - a phial of floods
 J - a sack of spiders {used: 1}
Comestibles
 d - 11 bread rations
 i - 6 meat rations
 X - 3 fruits


   Skills:
 - Level 10.8 Fighting
 - Level 13.9(14.7) Polearms
 + Level 8.6(15.3) Staves
 - Level 8.8(11.0) Armour
 - Level 10.7(12.8) Dodging
 - Level 6.2 Spellcasting
 - Level 3.0 Hexes
 - Level 8.6 Charms
 - Level 2.1 Necromancy
 - Level 5.1 Translocations


You had 15 spell levels left.
You knew the following spells:

 Your Spells              Type           Power        Failure   Level  Hunger
a - Infusion              Chrm           ####         1%          1    None
b - Spectral Weapon       Hex/Chrm       ###.....     4%          3    ###....
c - Blink                 Tloc           N/A          2%          2    #......
m - Repel Missiles        Chrm/Air       ###...       4%          2    #......
r - Regeneration          Chrm/Necr      ###.......   4%          3    ###....


Dungeon Overview and Level Annotations

Branches:
Dungeon (15/15)            Temple (1/1) D:6            Lair (8/8) D:8
 Shoals (3/4) Lair:5        Slime (0/6) Lair:6          Orc (2/2) D:9
    Elf (0/3) Orc:2        Vaults (0/5) D:14         Depths (0/5) D:15
  Snake: Lair:3-6    Spider: Lair:3-6

Altars:
Ashenzari
Dithmenos
Elyvilon
Fedhas
Gozag
Kikubaaqudgha
Makhleb
Nemelex Xobeh
Okawaru
Pakellas
Qazlal
Ru
Trog
Vehumet
Xom
Yredelemnul
Zin
Beogh

Shops:
D:10 *   D:13 ?   Orc:2 (:=:

Portals:
Trove: D:10 (give 7 potions of haste)

Annotations:
D:3 Grinder
Lair:1 exclusion: oklob plant
Lair:5 SHOALS, exclusion: upstairs
Shoals:3 Ilsuiw; Polyphemus
Orc:1 Maud
Orc:2 Gekot's ghost, journeyman GrFi


Innate Abilities, Weirdness & Mutations

You have claws for feet.
You are mostly covered in molten scales (AC +3, EV -1).
A weak demonic guardian rushes to your aid.
You regenerate a lot of health from kills.
You are robust (+10% HP).


Message History

The faun shoots a stone.
The stone misses you.
You hear a splash.
The water nymph points at you and mumbles some strange words.
The water swirls and strikes you!
* * * LOW HITPOINT WARNING * * *
Your crimson imp blinks!
Your unstable footing causes you to fumble your attack.
The faun shoots a stone.
The stone hits your spectral weapon!
Your spectral weapon shares its damage with you!
* * * LOW HITPOINT WARNING * * *
You hear a splash.
The water nymph misses you.
Unknown command.
Your unstable footing causes you to fumble your attack.
Unknown command.
Your unstable footing causes you to fumble your attack.
Your spectral weapon fades away.
The merfolk avatar chants a haunting song.
You are unaffected.
The faun shoots a stone.
The stone hits you!
You die...

, #........≈≈≈≈≈≈.≈≈≈≈ ≈ ≈ ≈
*#.≈.##...≈≈≈≈≈≈≈≈≈§≈≈≈ ≈≈ ≈
###≈≈)###.≈..≈≈≈≈≈≈≈≈≈P≈≈≈≈≈ ≈ ≈≈
..≈..≈≈..≈≈..≈≈≈≈≈≈≈≈≈≈≈≈≈≈ ≈≈≈≈
..≈≈.≈≈≈≈≈≈≈≈≈≈≈≈≈≈≈≈≈≈≈≈≈≈≈≈≈≈ ≈
≈≈≈≈≈≈≈≈≈≈...≈≈≈≈..≈≈.≈≈≈≈≈≈≈≈≈≈≈
≈≈≈≈≈≈≈≈≈.##..≈≈§#...$≈≈≈≈≈≈≈≈≈≈≈
≈≈≈≈≈≈≈≈≈......≈≈≈≈...≈?..≈≈≈≈≈≈≈
.≈≈≈)≈≈≈≈≈≈...≈.@m≈≈≈..≈≈≈≈≈≈≈≈≈≈
..≈≈.≈≈≈≈≈≈≈...≈≈(≈≈m≈≈≈≈≈≈≈≈≈≈≈≈
#..≈≈≈≈≈≈≈≈≈....≈≈≈≈≈≈≈≈≈≈≈≈≈.≈≈≈
##.≈≈≈≈≈.........≈≈≈...≈..≈≈..≈≈≈
#.≈≈≈..#######..≈.≈.#......≈≈≈≈≈
...≈≈..## #.≈≈≈≈≈......≈≈≈≈≈≈
....≈≈..# #.≈≈≈≈≈....≈≈.≈≈≈≈≈
...≈≈≈≈.# #..≈≈≈≈..c.≈≈≈≈≈≈≈≈
.(≈≈≈≈≈.. ##.≈.....≈≈≈≈≈≈≈≈≈≈


You could see a merfolk avatar, a faun and a water nymph.

Vanquished Creatures
  An Ice Fiend (IceCv)
  Kirke (Lair:8)
  Agnes (D:14)
  A merfolk impaler (Shoals:3)
  Snorg (Lair:5)
  A merfolk javelineer (Shoals:2)
  3 hydras
  2 death knights (D:14)
  An alligator snapping turtle (Lair:5)
  2 centaur warriors
  3 catoblepae (Lair:8)
  A satyr (Shoals:2)
  A merfolk avatar (Shoals:1)
  9 death yaks
  6 orc high priests
  Urug (D:11)
  3 skeletal warriors
  Sonja (Orc:2)
  An unseen horror (D:11)
  4 sea snakes
  3 hill giants
  3 lindwurms (Lair:6)
  A phantasmal warrior (D:14)
  2 orc knights
  An orc sorcerer (Orc:1)
  A deep elf mage (D:13)
  5 harpies
  3 manticores
  4 griffons
  A cyclops (D:13)
  2 ugly things
  10 elephants
  5 black mambas
  4 centaur zombies
  An ice statue (IceCv)
  4 sirens
  A water nymph (Shoals:1)
  2 gargoyles
  2 rime drakes (shapeshifter) (D:14)
  7 komodo dragons
  7 spiny frogs
  5 freezing wraiths
  3 anaconda simulacra (IceCv)
  A kobold demonologist (D:15)
  3 rime drakes
  5 ice devils (IceCv)
  An efreet (D:15)
  8 trolls
  2 golden dragon simulacra (IceCv)
  2 tengu conjurers (D:14)
  A wolf spider simulacrum (IceCv)
  A two-headed ogre (Orc:2)
  A wind drake (Shoals:1)
  5 merfolk
  23 blink frogs
  3 snapping turtles
  A spriggan (D:9)
  2 dire elephant simulacra (IceCv)
  7 water elementals
  A wyvern (D:15)
  2 wraiths (D:14)
  52 yaks
  2 hungry ghosts
  6 hippogriffs
  5 vampire mosquitoes
  4 harpy simulacra (IceCv)
  2 death yak simulacra (IceCv)
  5 nagas (Lair:6)
  6 wargs
  10 water moccasins
  4 porcupines
  3 hydra simulacra (IceCv)
  2 ice beasts
  A black bear (D:6)
  A phantom (D:6)
  13 orc warriors
  2 sky beasts
  2 necrophages
  16 wolves
  2 wasps (D:13)
  10 ogres
  4 boggarts (D:15)
  4 centaurs
  7 crocodiles
  4 big kobolds
  11 giant frogs
  4 gnoll sergeants (D:9)
  A wyvern skeleton (D:8)
  4 scorpions
  An elephant simulacrum (IceCv)
  6 killer bees (D:13)
  11 wights
  5 electric eels (D:15)
  6 crimson imps
  A giant frog zombie (D:12)
  5 hounds
  A quasit (D:10)
  4 draconian simulacra (IceCv)
  A gnoll shaman (Orc:2)
  5 jellies
  36 orc priests
  3 giant frog skeletons
  6 centaur skeletons
  12 iguanas
  Natasha (D:4)
  12 worker ants
  4 hell rats (D:13)
  9 orc wizards
  A wolf simulacrum (IceCv)
  12 sheep
  2 troll simulacra (IceCv)
  A centaur simulacrum (IceCv)
  A hound skeleton (D:5)
  A worker ant zombie (D:6)
  9 gnolls
  13 adders
  2 naga simulacra (IceCv)
  An ogre simulacrum (IceCv)
  75 river rats
  7 shadow imps
  9 white imps
  4 ufetubi (IceCv)
  4 oozes (D:3)
  An adder skeleton (D:8)
  4 worms
  5 giant geckos
  75 orcs
  8 giant cockroaches
  4 goblins
  5 hobgoblins (D:3)
  11 jackals
  6 quokkas
  4 bats
  2 giant newts
  7 kobolds
  3 rats
  2 fungi
  2 plants
787 creatures vanquished.

Vanquished Creatures (collateral kills)
  A death yak (Lair:8)
  An orc sorcerer (D:15)
  A water nymph (Shoals:2)
  A spiny frog (Lair:1)
  A yak (Lair:8)
  A naga (Lair:6)
  A wolf (Lair:7)
  A big kobold (D:9)
  A wight (D:10)
  An orc priest (Orc:2)
  2 iguanas (Lair:1)
  A worker ant (D:8)
  A river rat (D:8)
  An orc (D:9)
15 creatures vanquished.

Vanquished Creatures (others)
  An ugly thing (IceCv)
  5 humans (Lair:8)
  An orc wizard (Orc:2)
  6 fungi
  16 plants
  61 spectral weapons
90 creatures vanquished.

Grand Total: 892 creatures vanquished

Notes
Turn   | Place    | Note
--------------------------------------------------------------
     0 | D:1      | jacquesderrida the Demonspawn Skald began the quest for the Orb.
     0 | D:1      | Reached XP level 1. HP: 16/16 MP: 3/3
   132 | D:1      | Reached skill level 1 in Dodging
   165 | D:1      | Gained mutation: You regenerate a little health from kills. [demonic ancestry]
   165 | D:1      | Reached XP level 2. HP: 11/22 MP: 5/5
   221 | D:2      | Reached skill level 1 in Armour
   263 | D:2      | Reached skill level 2 in Polearms
   683 | D:2      | Reached XP level 3. HP: 26/27 MP: 6/6
   691 | D:2      | Learned a level 3 spell: Spectral Weapon
   814 | D:2      | Reached skill level 1 in Hexes
   890 | D:3      | Noticed Grinder
   938 | D:3      | Reached skill level 3 in Polearms
  1043 | D:3      | Gained mutation: You have sharp toenails. [demonic ancestry]
  1043 | D:3      | Reached XP level 4. HP: 14/33 MP: 7/7
  1069 | D:3      | Learned a level 3 spell: Regeneration
  1383 | D:3      | Paralysed by Grinder for 6 turns
  1655 | D:4      | Noticed an ogre
  1992 | D:4      | Gained mutation: You regenerate health from kills. [demonic ancestry]
  1992 | D:4      | Reached XP level 5. HP: 32/38 MP: 8/8
  1999 | D:4      | Noticed Natasha
  2008 | D:4      | Killed Natasha
  2069 | D:5      | Entered Level 5 of the Dungeon
  2080 | D:5      | Reached skill level 4 in Polearms
  2273 | D:5      | Reached XP level 6. HP: 44/44 MP: 9/9
  2561 | D:6      | Found a staircase to the Ecumenical Temple.
  2599 | Temple   | Entered the Ecumenical Temple
  2655 | D:6      | Gained mutation: You have razor-sharp toenails. [demonic ancestry]
  2655 | D:6      | Reached XP level 7. HP: 52/52 MP: 10/10
  2672 | D:6      | Reached skill level 5 in Polearms
  3230 | D:6      | Gained mutation: You have claws for feet. [demonic ancestry]
  3230 | D:6      | Reached XP level 8. HP: 53/61 MP: 11/11
  3313 | D:7      | Found an opulent altar of Gozag.
  3313 | D:7      | Found a shattered altar of Ashenzari.
  3317 | D:7      | Became a worshipper of Ashenzari the Shackled
  3418 | D:8      | Found a staircase to the Lair.
  3451 | D:8      | Found a sacrificial altar of Ru.
  3558 | D:8      | Reached skill level 1 in Necromancy
  3758 | D:7      | Reached skill level 5 in Fighting
  3758 | D:7      | Reached skill level 6 in Polearms
  4005 | D:9      | Gained mutation: A weak demonic guardian rushes to your aid. [demonic ancestry]
  4005 | D:9      | Reached XP level 9. HP: 65/68 MP: 12/12
  4018 | D:9      | Found a staircase to the Orcish Mines.
  4018 | D:9      | Noticed a troll
  4025 | D:9      | Reached skill level 7 in Polearms
  4241 | D:9      | Found a burning altar of Makhleb.
  4241 | D:9      | Noticed a green death
  4395 | D:9      | Found a burning altar of Makhleb.
  4398 | D:9      | Found a shimmering altar of Xom.
  4604 | D:10     | Entered Level 10 of the Dungeon
  4659 | D:10     | Reached * piety under Ashenzari
  4792 | D:10     | Found a portal to a secret trove of treasure.
  4851 | D:10     | Reached skill level 5 in Dodging
  4867 | D:10     | Reached skill level 8 in Polearms
  5061 | D:10     | Found Buor Cagak's General Store.
  5064 | D:10     | Bought 2 potions of curing for 78 gold pieces
  5064 | D:10     | Bought a scroll of identify for 26 gold pieces
  5064 | D:10     | Bought a scroll of teleportation for 39 gold pieces
  5064 | D:10     | Bought a scroll of remove curse for 39 gold pieces
  5157 | D:11     | Noticed a manticore
  5210 | D:11     | Found an oddly glowing altar of Pakellas.
  5319 | D:9      | Killed a troll
  5319 | D:9      | Gained mutation: You are partially covered in molten scales (AC +1). [demonic ancestry]
  5319 | D:9      | Reached XP level 10. HP: 49/79 MP: 13/13
  5758 | Lair:1   | Entered Level 1 of the Lair of Beasts
  5762 | Lair:1   | Noticed a spiny frog
  5818 | D:8      | Reached skill level 9 in Polearms
  5835 | D:8      | Killed a spiny frog
  6162 | Lair:1   | Reached skill level 5 in Charms
  6261 | Lair:1   | Noticed a spiny frog
  6265 | Lair:1   | Killed a spiny frog
  6265 | Lair:1   | Gained mutation: You are mostly covered in molten scales (AC +3, EV -1). [demonic ancestry]
  6265 | Lair:1   | Reached XP level 11. HP: 89/89 MP: 14/14
  6520 | Lair:2   | Learned a level 2 spell: Repel Missiles
  6546 | Lair:2   | Reached ** piety under Ashenzari
  7112 | Lair:4   | Reached skill level 10 in Polearms
  7202 | Lair:4   | Reached skill level 10 in Fighting
  7261 | Lair:4   | Noticed a five-headed hydra
  7409 | Lair:4   | Noticed Snorg
  7421 | Lair:5   | Killed Snorg
  7620 | Lair:6   | Found a staircase to the Slime Pits.
  7628 | Lair:6   | Noticed a four-headed hydra
  7642 | Lair:6   | Killed a four-headed hydra
  7674 | Lair:6   | Reached *** piety under Ashenzari
  7688 | Lair:6   | Reached XP level 12. HP: 97/97 MP: 15/15
  7727 | Lair:6   | Noticed a four-headed hydra
  7738 | Lair:6   | Killed a four-headed hydra
  7936 | Lair:7   | Reached skill level 11 in Polearms
  8177 | Lair:7   | Noticed a death yak
  8206 | Lair:7   | Noticed an eight-headed hydra
  8355 | Lair:6   | Reached skill level 10 in Dodging
  8412 | Lair:6   | Learned a level 2 spell: Blink
  8609 | Lair:7   | Reached skill level 1 in Translocations
  8625 | Lair:8   | Entered Level 8 of the Lair of Beasts
  8826 | Lair:8   | Noticed Kirke
  8836 | Lair:8   | Killed Kirke
  8836 | Lair:8   | Gained mutation: You are robust (+10% HP). [demonic ancestry]
  8836 | Lair:8   | Reached XP level 13. HP: 62/113 MP: 9/16
  9002 | Lair:8   | Reached skill level 12 in Polearms
  9152 | Lair:8   | Reached **** piety under Ashenzari
  9571 | Lair:8   | Got the cursed buckler "Oreobac" {MR+ Regen+ Int+3 Dex-3}
  9605 | Lair:8   | Reached skill level 5 in Armour
  9615 | Lair:8   | Reached skill level 5 in Translocations
 10441 | Orc:1    | Entered Level 1 of the Orcish Mines
 10676 | Orc:1    | Reached skill level 13 in Polearms
 10705 | Orc:1    | Noticed Maud
 10718 | Orc:2    | Entered Level 2 of the Orcish Mines
 10719 | Orc:2    | Found a staircase to the Elven Halls.
 10821 | Orc:2    | Noticed Gekot's ghost (journeyman GrFi)
 10883 | Orc:2    | Noticed Sonja
 10919 | Orc:2    | Gained mutation: You regenerate a lot of health from kills. [demonic ancestry]
 10919 | Orc:2    | Reached XP level 14. HP: 103/121 MP: 20/20
 10979 | Orc:2    | Reached skill level 5 in Spellcasting
 10980 | Orc:2    | Found Xyerah's Antique Weapon Boutique.
 10980 | Orc:2    | Found Haicoff's Book Emporium.
 11123 | Orc:2    | Killed Sonja
 11133 | Orc:2    | Found a roughly hewn altar of Beogh.
 11152 | Orc:2    | Found Zavuigeh's Book Emporium.
 11157 | Orc:2    | Found Soihias's Jewellery Boutique.
 11350 | D:11     | Noticed Urug
 11357 | D:11     | Killed Urug
 11466 | D:11     | Identified the cursed ring "Hiappiac" {rF+ MP+9 EV-3 Int+4}
 12384 | D:13     | Found a shimmering altar of Xom.
 12958 | D:14     | Found a gate to the Vaults.
 13120 | D:14     | Noticed Agnes
 13177 | D:14     | Killed Agnes
 13261 | D:15     | Entered Level 15 of the Dungeon
 13365 | D:15     | Found a staircase to the Depths.
 13852 | D:13     | Found Xetrycs's Magic Scroll Shop.
 13868 | D:13     | Bought a scroll of remove curse for 48 gold pieces
 13868 | D:13     | Bought a scroll of identify for 32 gold pieces
 13868 | D:13     | Bought a scroll of noise for 16 gold pieces
 13871 | D:13     | Reached XP level 15. HP: 128/128 MP: 24/24
 14124 | D:8      | Reached skill level 1 in Staves
 14392 | Lair:5   | Found a staircase to the Shoals.
 14401 | Shoals:1 | Entered Level 1 of the Shoals
 14919 | Shoals:3 | Reached ***** piety under Ashenzari
 14924 | Shoals:3 | Found a frozen archway.
 14925 | Shoals:3 | Noticed Ilsuiw
 14928 | IceCv    | Entered an ice cave
 15036 | IceCv    | Reached skill level 5 in Staves
 15333 | IceCv    | Noticed an Ice Fiend
 15480 | IceCv    | Killed an Ice Fiend
 15522 | IceCv    | Identified the cursed +0 hand crossbow of Dismay {freeze, Int+2}
 15524 | IceCv    | Identified the +1 hat of the Sun {rPois}
 15649 | Shoals:3 | Noticed Polyphemus
 15675 | Shoals:3 | HP: 6/128 [siren/trident (2)]
 15845 | Shoals:2 | HP: 1/128 [water nymph/the raging water (20)]
 15853 | Shoals:2 | HP: 5/128 [merfolk javelineer/poisoned javelin (10)]
 16175 | Shoals:1 | Shot with a stone by a faun

Skill      XL: |  1  2  3  4  5  6  7  8  9 10 11 12 13 14 15 |
---------------+----------------------------------------------+-----
Dodging        | 1 3 5 7 9 10 | 10.7
Armour         | 1 3 6 8 |  8.8
Charms         | 3 4 5 7 8 |  8.6
Polearms       | 2 3 4 5 6 8 9 10 11 13 | 13.9
Hexes          | 1 2 3 |  3.0
Fighting       | 3 4 6 7 9 10 | 10.8
Necromancy     | 2 |  2.1
Translocations | 2 5 |  5.1
Spellcasting   | 4 6 |  6.2
Staves         | 8 |  8.6

Action                   |  1- 3 |  4- 6 |  7- 9 | 10-12 | 13-15 || total
-------------------------+-------+-------+-------+-------+-------++-------
Melee: Spear             |   123 |    60 |       |       |       ||   183
       Trident           |       |   152 |   201 |   674 |   803 ||  1830
       Kick              |       |    47 |    46 |   206 |   572 ||   871
       Glaive            |       |       |       |       |   186 ||   186
       Lajatang          |       |       |       |       |   573 ||   573
 Fire: Blowgun           |       |       |       |       |     2 ||     2
Throw: Javelin           |       |       |       |     8 |     2 ||    10
       Tomahawk          |       |       |       |     2 |     2 ||     4
 Cast: Infusion          |     5 |     7 |       |       |       ||    12
       Spectral Weapon   |       |    11 |    36 |    78 |   143 ||   268
       Regeneration      |       |       |     6 |    21 |    51 ||    78
       Repel Missiles    |       |       |       |     2 |     6 ||     8
       Blink             |       |       |       |     1 |       ||     1
Invok: Curse Item        |       |       |     1 |       |     4 ||     5
       Scrying           |       |       |       |       |    14 ||    14
Evoke: Wand              |       |       |     2 |    20 |    13 ||    35
       Sack of spiders   |       |       |       |       |     2 ||     2
  Use: Scroll            |     3 |     5 |     6 |     7 |    15 ||    36
       Potion            |     2 |     4 |     1 |     2 |    14 ||    23
 Stab: Distracted        |       |       |     6 |    15 |    22 ||    43
       Sleeping          |       |       |       |     1 |       ||     1
       Petrifying        |       |       |       |       |     1 ||     1
       Paralysed         |       |       |       |       |     1 ||     1
  Eat: Chunk             |     1 |    15 |     9 |    26 |    35 ||    86
       Royal jelly       |       |       |       |     1 |       ||     1
       Beef jerky        |       |       |       |       |     1 ||     1
       Meat ration       |       |       |       |       |     4 ||     4
       Pizza             |       |       |       |       |     1 ||     1
Armor: Leather armour    |    26 |    49 |    16 |   114 |       ||   205
       Skin              |       |     3 |       |       |       ||     3
       Ring mail         |       |       |       |     5 |   406 ||   411
Dodge: Dodged            |    69 |   146 |    85 |   463 |  1059 ||  1822
       Deflected         |       |       |       |     2 |    28 ||    30
